cohdb
Replays
Latest Replays
All Replays
Popular Replays
Top Player Replays
Match Explorer
How It Works
Community
CoH3 Stats
Reddit
Sign in to upload your games and track your stats! →
Sign in with Steam
Match 38688389
Unlisted
Match 38688389
Overview
Messages
Build Orders
End
Construct Infanterie Kompanie
Selects Breakthrough Battlegroup
Selects Assault Grenadiers
MG 42 Machine Gun Team
GrW 34 Mortar Team
Grenadier Squad
Grenadier Squad
Construct Luftwaffe Kompanie
Jäger Squad
Selects 2.5-tonne Cargo Truck
Medical Station
Jäger Squad
Jäger Squad
Selects Blitzkrieg
Construct Panzer Kompanie
MG 42 Bunker
Selects Smoke Bombing Run
Panzer IV Medium Tank
Luftwaffe Officer Quarters
Selects Incendiary Bombing Run
Grenadier Squad
Tigersmoky
*+*PsYKoTiK*+*
christus99
russli三十
Nicolou
Para_Dilshan
Muell0r
moyu
0
0
Comments
sign in to comment!
No comments posted yet!